 Dungeon Crawl Stone Soup version 0.25-a0-479-g8579842 (webtiles) character file.

Game seed: 6597526878916954430, levelgen mode: deterministic

17906 NeededCrab the Spear-Bearer (level 12, -14/81 HPs)
             Began as a Merfolk Fighter on Feb 9, 2020.
             Was a Priest of Yredelemnul.
             Demolished by an entropy weaver (15 damage)
             ... on level 3 of the Lair of Beasts.
             The game lasted 01:09:46 (14395 turns).

NeededCrab the Spear-Bearer (Merfolk Fighter)      Turns: 14395, Time: 01:09:47

Health: -14/81     AC:  4    Str: 24    XL:     12   Next: 52%
Magic:  19/19      EV: 18    Int:  8    God:    Yredelemnul [***...]
Gold:   926        SH: 14    Dex: 13    Spells: 11/11 levels left

rFire    . . .     SeeInvis +   I - +7 trident of Doubt {vorpal, SInv}
rCold    . . .     Gourm    .   c - +1 shield
rNeg     . . .     Faith    .   O - +3 leather armour "Woerig" {+Fly}
rPois    .         Spirit   .   (no helmet)
rElec    .         Reflect  .   D - scarf {cloud immunity}
rCorr    .         Harm     .   W - +0 pair of gloves
MR       .....                  V - +0 pair of boots
Stlth    +.........             (no amulet)
HPRegen  0.23/turn              l - +4 ring of protection
MPRegen  0.16/turn              a - +3 ring of strength

@: about to teleport, corroded
A: change form in water, swift swim, stealthy swim
a: Recall Undead Slaves, Injury Mirror, Animate Dead, Renounce Religion, Evoke
Flight


You were on level 3 of the Lair of Beasts.
You worshipped Yredelemnul.
Yredelemnul was most pleased with you.
You were near starving.

You visited 3 branches of the dungeon, and saw 15 of its levels.
You also visited: Sewer.

You collected 981 gold pieces.
You spent 55 gold pieces at shops.

Inventory:

Hand Weapons
 I - the +7 trident of Doubt (weapon) {vorpal, SInv}
   (You found it on level 7 of the Dungeon)

   It inflicts extra damage upon your enemies.
   It lets you see invisible.
Armour
 c - a +1 shield (worn)
 n - a +1 chain mail of fire resistance
 u - a scarf of resistance
 D - a scarf of cloud immunity (worn)
 O - the +3 leather armour "Woerig" (worn) {+Fly}
   (You found it on level 8 of the Dungeon)

   It lets you fly.
   If you remove this armour, your AC will fall 5 points (4 -> -1)
 V - a +0 pair of boots (worn)
 W - a +0 pair of gloves (worn)
Jewellery
 a - a +3 ring of strength (right hand)
 k - an uncursed ring of positive energy
 l - a +4 ring of protection (left hand)
 N - a cursed -3 ring of evasion {unknown}
 Q - an uncursed ring of fire
 Y - a cursed ring of magical power {unknown}
Wands
 b - a wand of flame (12)
 s - a wand of scattershot (5)
 J - a wand of acid (18)
 K - a wand of polymorph (13)
 M - a wand of random effects (25)
 S - a wand of digging (9)
Scrolls
 i - 4 scrolls of amnesia
 m - 11 scrolls of remove curse
 o - 2 scrolls of immolation {unknown}
 p - 5 scrolls of teleportation
 t - 2 scrolls of vulnerability {unknown}
 x - 9 scrolls of identify
 y - 8 scrolls of enchant armour
 F - a scroll of random uselessness {unknown}
 H - 3 scrolls of magic mapping {unknown}
 L - 4 scrolls of blinking {unknown}
 P - a scroll of fear {unknown}
 R - a scroll of brand weapon {unknown}
 T - a scroll of enchant weapon
 U - 2 scrolls of torment {unknown}
Potions
 d - 5 potions of haste
 e - 2 potions of mutation
 g - 2 potions of degeneration {unknown}
 h - a potion of ambrosia {unknown}
 j - 6 potions of agility
 q - a potion of lignification {unknown}
 r - 3 potions of curing
 v - a potion of berserk rage {unknown}
 w - 2 potions of flight {unknown}
 z - 8 potions of heal wounds
 A - a potion of magic {unknown}
 B - a potion of invisibility {unknown}
 C - a potion of resistance
 E - 3 potions of brilliance {unknown}
 G - a potion of cancellation {unknown}
Comestibles
 f - 27 rations


   Skills:
 - Level 3.2 Fighting
 - Level 14.0 Polearms
 - Level 4.0 Armour
 - Level 11.3 Dodging
 * Level 12.0 Shields
 + Level 9.5 Invocations


You had 11 spell levels left.
You didn't know any spells.
Your spell library contained the following spells:

 Spells                   Type           Power        Failure   Level  Hunger
 Freeze                   Ice            #...         58%         1    ##.....
 Infusion                 Chrm           #...         58%         1    ##.....
 Shock                    Conj/Air       #...         58%         1    ##.....
 Shroud of Golubria       Chrm/Tloc      #.....       73%         2    ###....
 Song of Slaying          Chrm           #.......     73%         2    ###....
 Confusing Touch          Hex            #.......     91%         3    ####...
 Frozen Ramparts          Ice            #.....       91%         3    ####...
 Mephitic Cloud           Conj/Pois/Air  #.......     91%         3    ####...
 Ozocubu's Armour         Chrm/Ice       #.......     91%         3    ####...
 Spectral Weapon          Hex/Chrm       #.......     91%         3    ####...
 Fulminant Prism          Conj/Hex       #.........   100%        4    #####..
 Hailstorm                Conj/Ice       #.......     100%        4    #####..
 Summon Ice Beast         Ice/Summ       #.......     100%        4    #####..


Dungeon Overview and Level Annotations

Branches:
Dungeon (11/15)            Temple (1/1) D:7            Lair (3/6) D:8
    Orc (0/2) D:9           Sewer (visited)
  Swamp: Lair:2-4    Shoals: Lair:2-4     Snake: Lair:2-4    Spider: Lair:2-4

Altars:
Ashenzari
Cheibriados
Dithmenos
Elyvilon
Fedhas
Gozag
Hepliaklqana
Kikubaaqudgha
Makhleb
Nemelex Xobeh
Okawaru
Qazlal
Ru
Sif Muna
Trog
Uskayaw
Vehumet
Wu Jian
Xom
Yredelemnul
Zin
The Shining One

Shops:
D:5 !

Annotations:
D:11 1 runed translucent door, Caerwyn's ghost, journeyman MfGl


Message History

The entropy weaver hits you! You block the entropy weaver's attack.
The entropy weaver mumbles some strange words.
The entropic weave corrodes you!
There is an open translucent door here.
The entropy weaver mumbles some strange words.
The entropic weave corrodes you!
The entropy weaver gestures wildly while chanting.
The entropic weave corrodes you!
As you read the scroll of teleportation, it crumbles to dust.
You feel strangely unstable. The entropy weaver hits you.
The entropy weaver hits you! The entropy weaver hits you.
* * * LOW HITPOINT WARNING * * *
You block the entropy weaver's attack. The entropy weaver hits you!
* * * LOW HITPOINT WARNING * * *
The entropy weaver hits you!
* * * LOW HITPOINT WARNING * * *
The entropy weaver hits you!
You die...
Your body rises from the dead as a mindless zombie.

# ##.#a # ###. #### #. ...#
#.########### ⌠###
#.........'.## .#
###########..# ## ####
#.....#..# ## ##..####.....a.#
.###.....##.....@###
..........#.#......#####
#.#.................##.#
......⌠....##.P.......## ######
#.#..Z....+..##......#.###.#.P#
..#.#..#..#...................#
.#.#.....##...................#
#.########..Z.................#
.## #..#..................#


You could see an entropy weaver.

Vanquished Creatures
  A hydra (Lair:3)
  Harold (D:11)
  Erica (D:8)
  The ghost of Fawae the Sneak, a journeyman GrWz of Sif Muna (Lair:2)
  A two-headed ogre (D:8)
  A fire crab (Lair:3)
  Pikel (D:4)
  2 black mambas (Lair:1)
  5 spiny frogs
  2 rime drakes (Lair:2)
  3 komodo dragons
  A troll (D:8)
  5 blink frogs
  Grinder (D:3)
  A hippogriff (D:9)
  12 yaks
  2 vampire mosquitoes (D:11)
  A soldier ant (D:11)
  An acid dragon (D:11)
  Edmund (D:6)
  4 water moccasins
  5 porcupines
  Duvessa (D:6)
  2 ice beasts
  A sky beast (D:6)
  Purgy (Sewer)
  A black bear (D:8)
  3 ogres
  2 phantoms
  4 centaurs
  3 crocodiles (Lair:2)
  2 big kobolds
  9 bullfrogs
  2 spiny frog simulacra (Lair:2)
  A wyvern skeleton (D:8)
  A scorpion (D:8)
  Dowan (D:6)
  11 killer bees
  2 electric eels (D:8)
  A rime drake simulacrum (Lair:2)
  A crimson imp (D:11)
  A quasit (D:11)
  Crazy Yiuf (D:4)
  A gnoll shaman (D:4)
  11 hounds
  A centaur skeleton (D:4)
  An orc priest (D:8)
  A water moccasin simulacrum (Lair:2)
  2 jellies
  Natasha (thrice) (D:3)
  2 iguanas
  2 orc wizards
  3 worker ants
  A bullfrog simulacrum (Lair:2)
  A hound skeleton (D:4)
  2 worker ant zombies
  Robin (D:3)
  A crocodile simulacrum (Lair:2)
  7 gnolls
  11 adders
  A howler monkey skeleton (D:4)
  A shadow imp (D:9)
  An ooze (D:4)
  An adder skeleton (D:3)
  4 worms
  2 dart slugs
  4 leopard geckos
  22 orcs
  3 ball pythons
  4 bats
  4 giant cockroaches
  19 goblins
  21 hobgoblins
  3 jackals (D:7)
  3 quokkas
  5 frilled lizards
  15 kobolds
  10 rats
278 creatures vanquished.

Vanquished Creatures (collateral kills)
  A fire crab (Lair:3)
  A spiny frog (Lair:1)
  2 rime drakes (Lair:2)
  A merfolk (D:10)
  A troll (D:9)
  2 blink frogs (Lair:3)
  2 yaks (Lair:2)
  A wyvern (D:9)
  2 vampire mosquitoes (D:11)
  A water moccasin (Lair:1)
  A centaur (D:8)
  An ogre (D:9)
  A gnoll (D:9)
  A shadow imp (D:8)
  A leopard gecko (D:7)
  An orc (D:8)
  A kobold (D:9)
  A plant (Lair:1)
22 creatures vanquished.

Vanquished Creatures (others)
  A hydra zombie (Lair:3)
  2 flying skulls (Lair:3)
  Menkaure (D:4)
  A two-headed ogre zombie (D:8)
  A human zombie (D:11)
  2 slaves (D:4)
  3 blink frog zombies (Lair:3)
  A rime drake zombie (Lair:2)
  A fire crab zombie (Lair:3)
  A komodo dragon skeleton (Lair:3)
  2 water moccasin zombies
  3 yak zombies
  3 yak skeletons
  A troll skeleton (D:8)
  A wight (Lair:2)
  A howler monkey (D:4)
  2 bullfrog skeletons
  A soldier ant zombie (D:11)
  4 centaur skeletons
  A worker ant (D:4)
  A porcupine zombie (Lair:3)
  3 porcupine skeletons
  2 killer bee zombies
  2 hound skeletons (D:8)
  2 gnolls (D:4)
  An electric eel skeleton (D:8)
  2 orc skeletons (D:8)
  An orc (D:4)
  A jackal skeleton (D:4)
  A kobold zombie (D:9)
  A leopard gecko skeleton (D:4)
  A plant (Lair:3)
51 creatures vanquished.

Grand Total: 351 creatures vanquished

Notes
Turn   | Place    | Note
-------+----------+-------------------------------------------
     0 | D:1      | NeededCrab the Merfolk Fighter began the quest for the Orb.
     0 | D:1      | Reached XP level 1. HP: 18/18 MP: 1/1
   117 | D:1      | Reached XP level 2. HP: 22/24 MP: 2/2
   209 | D:1      | Reached skill level 1 in Dodging
   424 | D:1      | Reached skill level 4 in Polearms
   891 | D:1      | Reached XP level 3. HP: 29/29 MP: 3/3
  1393 | D:2      | Found a bloodstained altar of Trog.
  1598 | D:2      | Reached XP level 4. HP: 35/35 MP: 4/4
  1831 | D:2      | Found a white marble altar of Elyvilon.
  2053 | D:3      | Reached skill level 5 in Polearms
  2083 | D:3      | Noticed Grinder
  2176 | D:3      | Noticed Natasha
  2189 | D:3      | Killed Natasha
  2214 | D:3      | Reached XP level 5. HP: 21/41 MP: 5/5
  2255 | D:3      | Noticed Robin
  2280 | D:3      | Killed Robin
  2280 | D:3      | Reached skill level 6 in Polearms
  2534 | D:3      | Found a glowing drain.
  2555 | Sewer    | Entered a sewer
  2608 | Sewer    | Identified the Volume of Cloudy Bewitchment
  2665 | Sewer    | Noticed Purgy
  2720 | Sewer    | Killed Purgy
  2720 | Sewer    | Reached XP level 6. HP: 47/47 MP: 6/6
  2838 | D:3      | Reached skill level 7 in Polearms
  2851 | D:3      | Noticed Natasha
  2876 | D:3      | Killed Natasha
  3153 | D:3      | Killed Grinder
  3153 | D:3      | Reached skill level 8 in Polearms
  3153 | D:3      | Reached XP level 7. HP: 24/52 MP: 7/7
  3183 | D:3      | Noticed Natasha
  3198 | D:3      | Killed Natasha
  3548 | D:3      | Found an ornate altar of the Wu Jian Council.
  3605 | D:4      | Reached skill level 5 in Dodging
  3703 | D:4      | Reached skill level 5 in Shields
  3704 | D:4      | Noticed Pikel
  3721 | D:4      | Killed Pikel
  3721 | D:4      | Reached skill level 10 in Polearms
  3721 | D:4      | Reached XP level 8. HP: 53/58 MP: 8/8
  3846 | D:4      | Noticed Menkaure
  3873 | D:4      | Killed Menkaure
  4245 | D:4      | Found a basalt altar of Yredelemnul.
  4253 | D:4      | Became a worshipper of Yredelemnul the Dark
  4402 | D:4      | Found a runed translucent door.
  4403 | D:4      | Noticed Crazy Yiuf
  4413 | D:4      | Killed Crazy Yiuf
  4747 | D:5      | Entered Level 5 of the Dungeon
  4804 | D:5      | Noticed a -2 dagger
  4814 | D:5      | Found a hide-covered altar of Uskayaw.
  4814 | D:5      | Noticed a +0 dagger
  4935 | D:5      | Found Diesu's Distillery.
  4947 | D:5      | Bought a potion of heal wounds for 55 gold pieces
  4988 | D:5      | Found an ancient bone altar of Kikubaaqudgha.
  5087 | D:5      | Found a sparkling altar of Nemelex Xobeh.
  5087 | D:5      | Found a shadowy altar of Dithmenos.
  5280 | D:5      | Found a shimmering altar of Xom.
  5282 | D:5      | Found a shimmering altar of Xom.
  5282 | D:5      | Found a radiant altar of Vehumet.
  5284 | D:5      | Found a hide-covered altar of Uskayaw.
  5284 | D:5      | Found a shattered altar of Ashenzari.
  5284 | D:5      | Found a shimmering blue altar of Sif Muna.
  5367 | D:5      | Found an iron altar of Okawaru.
  5495 | D:6      | Reached skill level 1 in Invocations
  5623 | D:6      | Found a blossoming altar of Fedhas.
  5660 | D:6      | Reached skill level 11 in Polearms
  5872 | D:6      | Noticed Dowan
  5892 | D:6      | Killed Dowan
  5892 | D:6      | Reached XP level 9. HP: 64/64 MP: 10/10
  5892 | D:6      | Noticed Duvessa
  5928 | D:6      | Killed Duvessa
  6021 | D:6      | Noticed Edmund
  6036 | D:6      | Killed Edmund
  6750 | D:7      | Got a twisted trident
  6751 | D:7      | Identified the +7 trident of Doubt {vorpal, SInv} (You
                  | found it on level 7 of the Dungeon)
  6774 | D:7      | Reached * piety under Yredelemnul
  6784 | D:7      | Reached skill level 12 in Polearms
  6973 | D:7      | Found a staircase to the Ecumenical Temple.
  7035 | Temple   | Entered the Ecumenical Temple
  7406 | D:8      | Found a staircase to the Lair.
  7458 | D:8      | Noticed a troll
  7473 | D:8      | Killed a troll
  7820 | D:8      | Noticed a two-headed ogre
  7846 | D:8      | Killed a two-headed ogre
  7846 | D:8      | Reached skill level 13 in Polearms
  7846 | D:8      | Reached XP level 10. HP: 70/70 MP: 13/13
  7973 | D:8      | Got a pitted leather armour
  7974 | D:8      | Identified the +3 leather armour "Woerig" {+Fly} (You found
                  | it on level 8 of the Dungeon)
  8520 | D:8      | Noticed Erica
  8548 | D:8      | Killed Erica
  8548 | D:8      | Reached ** piety under Yredelemnul
  8548 | D:8      | Reached skill level 5 in Invocations
  8640 | D:9      | Found a staircase to the Orcish Mines.
  8732 | D:9      | Reached skill level 14 in Polearms
  8952 | D:9      | Found a sacrificial altar of Ru.
  9351 | D:9      | Found a stormy altar of Qazlal.
  9573 | D:9      | Found a burning altar of Makhleb.
  9646 | D:10     | Entered Level 10 of the Dungeon
  9671 | D:10     | Found an ancient bone altar of Kikubaaqudgha.
 10382 | D:10     | Reached skill level 10 in Dodging
 10631 | D:11     | Noticed Harold
 10655 | D:11     | Killed Harold
 10655 | D:11     | Reached XP level 11. HP: 67/75 MP: 14/16
 10739 | D:11     | Reached *** piety under Yredelemnul
 10784 | D:11     | Your ally Harold died
 10878 | D:11     | Found a runed translucent door.
 10902 | D:11     | Noticed Caerwyn's ghost (journeyman MfGl)
 10993 | Lair:1   | Entered Level 1 of the Lair of Beasts
 11516 | Lair:1   | Reached skill level 10 in Shields
 11693 | Lair:1   | Got a warped rapier
 11694 | Lair:1   | Identified the +9 rapier of Tidwor {vorpal, rC+ MP+9} (You
                  | found it on level 1 of the Lair of Beasts)
 11815 | Lair:1   | Received a gift from Yredelemnul (a wight)
 11867 | Lair:1   | Got a silken robe
 11885 | Lair:1   | Identified the +2 robe of Orphicus {rC+ rN+} (You found it
                  | on level 1 of the Lair of Beasts)
 12757 | Lair:2   | Found a runed translucent gate.
 12758 | Lair:2   | Found a runed translucent gate.
 12759 | Lair:2   | Found a runed translucent gate.
 12800 | Lair:2   | Noticed Fawae's ghost (journeyman GrWz)
 13003 | Lair:2   | Reached XP level 12. HP: 60/81 MP: 16/18
 13253 | Lair:2   | Killed Fawae's ghost
 13454 | Lair:2   | Received a gift from Yredelemnul (2 flying skulls)
 13987 | Lair:3   | Noticed a five-headed hydra
 13999 | Lair:3   | Killed a five-headed hydra
 14238 | Lair:3   | Found a runed translucent door.
 14359 | Lair:3   | Noticed an entropy weaver
 14395 | Lair:3   | HP: 1/81 [entropy weaver (11)]
 14395 | Lair:3   | Demolished by an entropy weaver

Levels and vault maps discovered:
D:1:      minmay_arrival_doors, layout_basic, serial_bayou_lagoon_a
D:2:      layout_basic, marbit_many_paths, elyvilon_altar_3
D:3:      layout_rooms, lemuel_round_altar, serial_glass, glass_columns_a,
          glass_columns_b, first_ration, portal_sewer_entry_d, uniq_robin,
          uniq_grinder, uniq_natasha
D:4:      layout_cave_pools, yredelemnul_altar_generic, uniq_pikel,
          uniq_crazy_yiuf_cottage, uniq_menkaure
D:5:      layout_loops_ring, dancing_weapons_uskayaw, doesnt_xom_only_xom,
          gammafunk_temple_overflow_statue, lemuel_doored_altar, serial_shops,
          shop, okawaru_altar_gauntlet_db
D:6:      layout_loops_corners, fedhas_altar_fruit_tree, uniq_duvessa,
          uniq_edmund
D:7:      layout_loops_ring, minmay_temple_entry_wispy
D:8:      layout_basic, erik_lair_island, uniq_erica
D:9:      layout_gridville, kennysheep_mini, nicolae_ru_sacrificial_ziggurat,
          bloody_makhleb, orc_0_dummy
D:10:     layout_loops_corners, basic_altar, hangedman_fish_farm
D:11:     layout_roguey, ebering_ghost_reflecting_pool, uniq_harold
Temple:   dpeg_three_leaves_temple
Lair:1:   layout_roguey, st_stairs_11, infiniplex_staircase_pool_2,
          grunt_megastairs_4
Lair:2:   layout_big_grid, gammafunk_ghost_icy
Lair:3:   gammafunk_mikee_crab_dinner, layout_hall_layers,
          nicolae_swamp_entry_splash_gauntlet, infiniplex_staircase_pool,
          grunt_megastairs_1

Skill      XL: |  1  2  3  4  5  6  7  8  9 10 11 12 |
---------------+-------------------------------------+-----
Dodging        | 1 2 3 4 6 7 8 10 11 | 11.3
Polearms       | 4 5 6 8 10 11 13 14 | 14.0
Shields        | 4 5 6 7 9 10 12 | 12.0
Invocations    | 2 4 6 8 9 |  9.5
Armour         | 4 |  4.0
Fighting       | |  3.2

Action                   |  1- 3 |  4- 6 |  7- 9 | 10-12 || total
-------------------------+-------+-------+-------+-------++-------
Melee: Trident           |   139 |   246 |   401 |   461 ||  1247
       Tailslap          |     1 |     1 |       |       ||     2
Invok: Animate Remains   |       |       |     6 |    27 ||    33
       Animate Dead      |       |       |       |    22 ||    22
       Injury Mirror     |       |       |       |     1 ||     1
 Abil: Evoke Flight      |       |       |       |     1 ||     1
  Use: Scroll            |     5 |     2 |     2 |     6 ||    15
       Potion            |       |     3 |       |       ||     3
 Stab: Sleeping          |       |       |       |     1 ||     1
       Distracted        |       |       |       |     2 ||     2
  Eat: Chunk             |     2 |     6 |    17 |    26 ||    51
       Ration            |       |       |       |     3 ||     3
Armor: Scale mail        |    37 |       |       |       ||    37
       Chain mail        |     4 |    71 |    82 |     4 ||   161
       Leather armour    |       |       |       |    35 ||    35
Dodge: Dodged            |    31 |    55 |    60 |   107 ||   253
Block: Shield            |    55 |    91 |   142 |   136 ||   424

Table legend:
 A = Non-vault XP
 B = Vault XP
 C = Vault XP percentage of total XP
 D = Non-vault monster count
 E = Vault monster count
 F = Vault count percentage of total count
                 A         B        C        D         E       F
            +---------+---------+-------+---------+---------+-------
      Total |   14636 |   10945 |  42.8 |     230 |      71 |  23.6
            +---------+---------+-------+---------+---------+-------
        D:1 |      37 |       0 |   0.0 |      23 |       0 |   0.0
        D:2 |      48 |       5 |   9.4 |      18 |       1 |   5.3
        D:3 |     330 |     344 |  51.0 |      30 |      15 |  33.3
        D:4 |     241 |     755 |  75.8 |      23 |       3 |  11.5
        D:5 |      34 |      12 |  26.1 |       4 |       6 |  60.0
        D:6 |     505 |     366 |  42.0 |       9 |       3 |  25.0
        D:7 |     708 |       0 |   0.0 |      20 |       0 |   0.0
        D:8 |    1573 |    1436 |  47.7 |      18 |       7 |  28.0
        D:9 |    1161 |       0 |   0.0 |      18 |       0 |   0.0
       D:10 |     646 |     214 |  24.9 |      11 |       1 |   8.3
       D:11 |    1782 |    1017 |  36.3 |      21 |       1 |   4.5
     Lair:1 |    2894 |    2132 |  42.4 |      12 |       8 |  40.0
     Lair:2 |    2671 |    1893 |  41.5 |      16 |      11 |  40.7
     Lair:3 |    2006 |    2631 |  56.7 |       7 |       9 |  56.2
      Sewer |       0 |     140 | 100.0 |       0 |       6 | 100.0
            +---------+---------+-------+---------+---------+-------
